 Dungeon Crawl Stone Soup version 0.20-a0-16-g0876c8e (webtiles) character file.

212 KristoblXynda the Sneak (level 5, -2/34 HPs)
             Began as an Octopode Gladiator on Nov 4, 2016.
             Slain by an orc
             ... wielding a +0 trident
              (5 damage)
             ... on level 4 of the Dungeon.
             The game lasted 00:04:22 (2371 turns).

KristoblXynda the Sneak (Octopode Gladiator)        Turns: 2371, Time: 00:04:25

Health: -2/34      AC:  1    Str: 14    XL:     5   Next: 89%
Magic:  5/5        EV: 15    Int: 11    God:
Gold:   139        SH:  0    Dex: 13    Spells: 0 memorised, 4 levels left

rFire  . . .     SeeInvis .     a - +0 long sword
rCold  . . .     Gourm    .     (no shield)
rNeg   . . .     Faith    .     b - +0 hat
rPois  .         Spirit   .     (no amulet)
rElec  .         Reflect  .     t - ring of wizardry
rCorr  .         Harm     .     v - ring of stealth
MR     .....                    (no ring)
Stlth  +++++.....               (no ring)
                                (no ring)
                                (no ring)
                                (no ring)
                                (no ring)

@: no status effects
A: almost no armour, stealthy swim, amphibious, 8 rings, constrict 8, camouflage
1, gelatinous body 1
a: no special abilities


You were on level 4 of the Dungeon.
You were not hungry.

You visited 1 branch of the dungeon, and saw 4 of its levels.

You collected 139 gold pieces.

Inventory:

Hand Weapons
 a - a +0 long sword (weapon)
Missiles
 c - 6 throwing nets (quivered)
Armour
 b - a +0 hat (worn)
 e - a +0 shield
Jewellery
 t - a ring of wizardry (left tentacle)
 v - a ring of stealth (right tentacle)
Wands
 u - a wand of confusion (26/48)
Scrolls
 h - a scroll of random uselessness {unknown}
 j - 2 scrolls of identify {unknown}
 k - 3 scrolls of recharging {unknown}
 l - a scroll of remove curse
 p - a scroll of immolation {unknown}
 q - a scroll of teleportation {unknown}
 s - a scroll of blinking {unknown}
 w - a scroll of fear {unknown}
 x - a scroll of enchant weapon {unknown}
Potions
 g - 2 potions of flight
 i - 2 potions of curing {unknown}
 n - a potion of cancellation
 o - a potion of haste {unknown}
 r - a potion of brilliance {unknown}
Comestibles
 d - 3 bread rations
 m - 2 beef jerkies
 z - 3 fruits


   Skills:
 - Level 2.0 Fighting
 + Level 4.2 Long Blades
 - Level 2.0 Throwing
 + Level 4.3 Dodging
 + Level 4.7 Stealth


You had 4 spell levels left.
You didn't know any spells.

Dungeon Overview and Level Annotations

Branches:
Dungeon (4/15)
 Temple: D:4-7

Altars:
Fedhas
Trog


Innate Abilities, Weirdness & Mutations

You cannot wear most types of armour.
You are very stealthy in the water. (Stealth+)
You are amphibious.
You can wear up to eight rings at the same time.
You can use your tentacles to constrict eight enemies at once.
Your skin changes colour to match your surroundings (Stealth+).
Your rubbery body absorbs attacks. (AC +1, EV +1)


Message History

The orc hits you with a mace.
* * * LOW HITPOINT WARNING * * *
The orc misses you.
Things that are here:
a dagger; a ring mail It was a potion of flight.
You feel very buoyant.
You fly up into the air.
The orc hits you but does no damage. The orc closely misses you.
The orc misses you.
You turn into a tree.
Your +0 hat melds into your body.
Your roots penetrate the ground.
The orc hits you but does no damage.
The quokka zombie bites you but does no damage.
The orc hits you but does no damage. x2
It was a potion of cancellation.
Your magical effects are unravelling.
You feel magically purged.
You feel less woody.
Your +0 hat unmelds from your body.
The orc hits you but does no damage. The quokka zombie misses you.
The orc hits you with a trident.
You die...

#.........##.#
#.........# ..
#.........# ..
#.........#
#.........+ ##
#.........### #...
#.........#.##.....
###.#####.#........
#.# ###.#@o.....#
#.# #...ooZ...>.#
#.# #.....#####.#
#.# #..8..#
#.##......#
#+##......#
...#..##. ..###.##
.. .. .. ..


You could see 3 orcs and a quokka zombie.

Vanquished Creatures
  A bullfrog zombie (D:4)
  A bullfrog skeleton (D:4)
  The ghost of namnharef the Chopper, a weakling HOBe of Trog (D:3)
  A worker ant zombie (D:4)
  2 adders
  2 oozes (D:1)
  A worm (D:3)
  2 dart slugs
  A leopard gecko (D:1)
  2 orcs (D:4)
  8 bats
  3 giant cockroaches
  11 goblins
  12 hobgoblins
  10 jackals
  A quokka (D:2)
  A ball python (D:1)
  6 frilled lizards
  A giant cockroach zombie (D:4)
  13 kobolds
  A leopard gecko skeleton (D:4)
  5 rats
86 creatures vanquished.

Notes
Turn   | Place    | Note
-------+----------+-------------------------------------------
     0 | D:1      | KristoblXynda the Octopode Gladiator began the quest for the Orb.
     0 | D:1      | Reached XP level 1. HP: 14/14 MP: 1/1
   104 | D:1      | Reached skill level 1 in Stealth
   122 | D:1      | Reached XP level 2. HP: 17/19 MP: 2/2
   431 | D:1      | Reached XP level 3. HP: 23/24 MP: 3/3
  1068 | D:2      | Reached XP level 4. HP: 17/29 MP: 4/4
  1810 | D:3      | Found a bloodstained altar of Trog.
  1835 | D:3      | Noticed namnharef's ghost (weakling HOBe)
  1851 | D:3      | Killed namnharef's ghost
  2035 | D:3      | Reached XP level 5. HP: 23/34 MP: 5/5
  2060 | D:3      | Found a blossoming altar of Fedhas.
  2371 | D:4      | Slain by an orc

Vault maps used:
D:1:      erik_arrival_gehennom
D:2:      first_bread
D:3:      fedhas_altar_3, interstate_on_off, trog_hazing_becter
D:4:      overflow_temple_1_default, overflow_temple_1_default, serial_undead,
          serial_undead_d, serial_undead_b, serial_undead_e, serial_undead_b,
          serial_shops, shop

Skill      XL: |  1  2  3  4  5 |
---------------+----------------+-----
Stealth        | 1 2 3 4 |  4.7
Dodging        | 4 |  4.3
Long Blades    | 4 |  4.2
Fighting       | |  2.0
Throwing       | |  2.0

Action                   |  1- 3 |  4- 6 || total
-------------------------+-------+-------++-------
Melee: Long sword        |    68 |    76 ||   144
       Constrict         |    22 |    25 ||    47
       Tentacles         |    11 |    17 ||    28
  Use: Scroll            |     1 |       ||     1
       Potion            |       |     4 ||     4
 Stab: Sleeping          |     6 |    10 ||    16
  Eat: Chunk             |       |     5 ||     5
Armor: Skin              |    12 |    14 ||    26
Dodge: Dodged            |    84 |    78 ||   162
       Rpst.: Long sword |    21 |    17 ||    38
